 Dungeon Crawl Stone Soup version 0.22-a0-776-ge6d7efa (webtiles) character file.

14 Hebeh the Conjurer (level 2, 0/15 HPs)
             Began as a Deep Elf Conjurer on July 18, 2018.
             Slain by Sigmund
             ... wielding a +0 scythe
              (1 damage)
             ... on level 2 of the Dungeon.
             The game lasted 00:03:26 (1062 turns).

Hebeh the Conjurer (Deep Elf Conjurer)              Turns: 1062, Time: 00:03:27

Health: 0/15       AC:  2    Str:  5    XL:     2   Next: 31%
Magic:  0/8        EV: 13    Int: 19    God:
Gold:   62         SH:  0    Dex: 15    Spells: 6/7 levels left

rFire    . . .     SeeInvis .   a - +1 spear (venom)
rCold    . . .     Gourm    .   (no shield)
rNeg     . . .     Faith    .   d - +0 robe
rPois    .         Spirit   .   (no helmet)
rElec    .         Reflect  .   (no cloak)
rCorr    .         Harm     .   (no gloves)
MR       .....                  (no boots)
Stlth    ++........             (no amulet)
HPRegen  0.05/turn              h - ring of wizardry
MPRegen  0.11/turn              (no ring)

@: no status effects
A: no striking features
a: no special abilities


You were on level 2 of the Dungeon.
You were not hungry.

You visited 1 branch of the dungeon, and saw 2 of its levels.

You collected 62 gold pieces.

Inventory:

Hand Weapons
 a - a +1 spear of venom (weapon)
 b - a +0 hunting sling
Missiles
 e - 4 stones
 f - 73 arrows
 l - 4 tomahawks (quivered)
Armour
 d - a +0 robe (worn)
Jewellery
 h - a ring of wizardry (left hand)
Wands
 j - a wand of flame (30)
Scrolls
 n - 2 scrolls of remove curse
Potions
 g - a potion of curing {unknown}
 i - a potion of mutation {unknown}
 k - a potion of berserk rage {unknown}
 m - a potion of heal wounds {unknown}
Comestibles
 c - 2 rations


   Skills:
 - Level 2.4 Dodging
 - Level 2.4 Stealth
 + Level 3.4 Spellcasting
 * Level 4.9 Conjurations


You had 6 spell levels left.
You knew the following spells:

 Your Spells              Type           Power        Failure   Level  Hunger
a - Magic Dart            Conj           ###.         1%          1    None

Your spell library contained the following spells:

 Spells                   Type           Power        Failure   Level  Hunger
 Iskenderun's Mystic Bla  Conj           ###.....     8%          4    ####...
 Fulminant Prism          Conj/Hex       ##........   21%         4    ####...
 Dazzling Spray           Conj/Hex       ##....       6%          3    ###....
 Force Lance              Conj/Tloc      ##......     21%         4    ####...
 Searing Ray              Conj           ###...       1%          2    ##.....


Dungeon Overview and Level Annotations

Branches:
Dungeon (2/15)

Altars:

Annotations:
D:2 Sigmund


Message History

The magic dart hits Sigmund.
Sigmund is severely wounded.
Sigmund points at you and mumbles some strange words.
The magic dart hits you!
* * * LOW HITPOINT WARNING * * *
Casting: Magic Dart (safe; 1% risk of failure)
Confirm with . or Enter, or press ? or * to list all spells.
You don't have enough magic to cast that spell.
Casting: Magic Dart (safe; 1% risk of failure)
Confirm with . or Enter, or press ? or * to list all spells.
You don't have enough magic to cast that spell.
Casting: Magic Dart (safe; 1% risk of failure)
Confirm with . or Enter, or press ? or * to list all spells.
Aiming: Magic Dart (safe; 1% risk of failure)
Press: ? - help, Shift-Dir - straight line, f/p - Sigmund
Aim: Sigmund, wielding a scythe and wearing a robe (severely wounded)
The magic dart hits Sigmund.
Sigmund is almost dead.
Sigmund hits you with a scythe.
You die...

#.# #.# #..
#.########
#.#......#
#.#...<#.#
##.######.#
#..@......#
#.@########
#....b....
#.########
#. #. #. ##


You could see Sigmund.

Vanquished Creatures
  A dart slug (D:1)
  A leopard gecko (D:1)
  A bat (D:1)
  A giant cockroach (D:1)
  2 hobgoblins (D:1)
  2 kobolds (D:1)
  2 ball pythons (D:1)
10 creatures vanquished.

Notes
Turn   | Place    | Note
-------+----------+-------------------------------------------
     0 | D:1      | Hebeh the Deep Elf Conjurer began the quest for the Orb.
     0 | D:1      | Reached XP level 1. HP: 10/10 MP: 6/6
   425 | D:1      | Reached XP level 2. HP: 8/15 MP: 4/8
  1051 | D:2      | Noticed Sigmund
  1062 | D:2      | Slain by Sigmund

Vault maps used:
D:1:      zelgadis_glass_arrival_small
D:2:      kennysheep_generic_room_15, uniq_sigmund

Action                   || total
-------------------------++-------
 Cast: Magic Dart        ||    36
  Use: Scroll            ||     1
Dodge: Dodged            ||     4

Table legend:
 A = Spawn XP
 B = Non-spawn XP
 C = Spawn XP percentage of total XP
 D = Spawn monster count
 E = Non-spawn monster count
 F = Spawn count percentage of total count
 G = Total turns spent on level
                    A         B        C        D         E        F      G
               +---------+---------+-------+---------+---------+-------+---------
         Total |       0 |      21 |   0.0 |       0 |      10 |   0.0 |  1062
               +---------+---------+-------+---------+---------+-------+---------
           D:1 |       0 |      21 |   0.0 |       0 |      10 |   0.0 |  1040
               +---------+---------+-------+---------+---------+-------+---------
